 Dungeon Crawl Stone Soup version 0.27-a0-1181-g5f64966fcc (webtiles) character file.

Game seed: 8485941953233690396

352 lunkers the Digger (level 6, -2/44 HPs)
             Began as a Gnoll Earth Elementalist on May 17, 2021.
             Slain by a scorpion (4 damage)
             ... on level 4 of the Dungeon.
             The game lasted 00:08:11 (3545 turns).

lunkers the Digger (Gnoll Earth Elementalist)       Turns: 3545, Time: 00:08:12

Health: -2/44      AC:  2    Str:  7    XL:     6   Next: 62%
Magic:  1/14       EV: 13    Int: 17    God:
Gold:   137        SH:  0    Dex: 12    Spells: 9/15 levels left

rFire    . . .     SeeInvis .   j - staff of conjuration
rCold    . . .     Faith    .   (no shield)
rNeg     + . .     Spirit   .   c - +0 robe
rPois    .         Reflect  .   (no helmet)
rElec    .         Harm     .   (no cloak)
rCorr    .         Rampage  .   (no gloves)
Will     .....                  (no boots)
Stlth    +++.......             i - amulet of the acrobat
HPRegen  0.14/turn              f - ring of positive energy
MPRegen  0.14/turn              (no ring)

@: lethally poisoned (-2 -> -4)
A: fangs 1, strong nose, distributed training
a: no special abilities


You were on level 4 of the Dungeon.
You visited 1 branch of the dungeon, and saw 4 of its levels.

You collected 137 gold pieces.

Inventory:

Hand Weapons
 e - a +0 dagger
Missiles
 b - 12 stones
Armour
 c - a +0 robe (worn)
Magical Staves
 j - a staff of conjuration (weapon)
Jewellery
 f - a ring of positive energy (left hand)
 i - an amulet of the acrobat (around neck)
Wands
 k - a wand of flame (10)
Scrolls
 a - a scroll of noise {unknown}
 g - 2 scrolls of identify
Potions
 d - a potion of heal wounds
 h - 2 potions of curing


   Skills:
 + Level 2.0 Fighting
 + Level 2.0 Short Blades
 + Level 2.0 Long Blades
 + Level 2.0 Axes
 + Level 2.0 Maces & Flails
 + Level 2.0 Polearms
 + Level 2.0 Staves
 + Level 2.0 Slings
 + Level 2.0 Bows
 + Level 2.0 Crossbows
 + Level 2.0 Throwing
 + Level 2.0 Armour
 + Level 5.0 Dodging
 + Level 4.6 Stealth
 + Level 2.0 Shields
 + Level 2.0 Unarmed Combat
 + Level 5.4 Spellcasting
 + Level 1.6 Conjurations
 + Level 1.6 Hexes
 + Level 1.6 Summonings
 + Level 1.6 Necromancy
 + Level 1.6 Translocations
 + Level 2.7 Transmutations
 + Level 1.6 Fire Magic
 + Level 1.6 Ice Magic
 + Level 1.6 Air Magic
 + Level 5.7 Earth Magic
 + Level 1.6 Poison Magic
 + Level 2.2 Invocations
 + Level 2.0 Evocations


You had 9 spell levels left.
You knew the following spells:

 Your Spells              Type           Power      Damage    Failure   Level
a - Stone Arrow           Conj/Erth      50%        3d10      9%          3
b - Passwall              Tmut/Erth      15%        N/A       3%          2
c - Sandblast             Erth           48%        2d12      1%          1

Your spell library contained the following spells:

 Spells                   Type           Power      Damage    Failure   Level
 Beastly Appendage        Tmut           26%        N/A       4%          1
 Animate Skeleton         Necr           20%        N/A       7%          1
 Apportation              Tloc           20%        N/A       7%          1
 Corona                   Hex            11%        N/A       7%          1
 Summon Small Mammal      Summ           40%        N/A       7%          1
 Wereblood                Tmut           13%        N/A       7%          2
 Call Imp                 Summ           10%        N/A       11%         2
 Spider Form              Tmut/Pois      6%         N/A       17%         3
 Call Canine Familiar     Summ           10%        N/A       22%         3
 Summon Guardian Golem    Hex/Summ       10%        N/A       22%         3
 Petrify                  Tmut/Erth      18%        N/A       24%         4
 Lee's Rapid Deconstruct  Erth           12%        3d9*      36%         5
 Ice Form                 Ice/Tmut       12%        N/A       50%         4
 Summon Ice Beast         Ice/Summ       10%        N/A       56%         4
 Summon Lightning Spire   Summ/Air       10%        N/A       56%         4
 Hydra Form               Tmut           6%         N/A       77%         5


Dungeon Overview and Level Annotations

Branches:
Dungeon (4/15)
 Temple: D:4-7

Altars:
Vehumet


Innate Abilities, Weirdness & Mutations

You have very sharp teeth.
Your uncanny sense of smell can sniff out nearby items.
Your experience applies equally to all skills.


Message History

The puff of flame hits the scorpion.
The scorpion is moderately wounded.
You feel very sick. The scorpion stings you.
* * * LOW HITPOINT WARNING * * *
Aiming: Throw Flame
Press: ? - help, Shift-Dir - straight line, f/p - scorpion
Aim: a scorpion (moderately wounded, 71% to hit)
The puff of flame hits the scorpion.
The scorpion is moderately wounded.
* * * LOW HITPOINT WARNING * * *
You feel sick. The scorpion closely misses you. The scorpion barely misses you.
Aiming: Throw Flame
Press: ? - help, Shift-Dir - straight line, f/p - scorpion
Aim: a scorpion (moderately wounded, 71% to hit)
The puff of flame hits the scorpion but does no damage.
The scorpion is moderately wounded.
You feel sick. The scorpion barely misses you.
Aiming: Throw Flame
Press: ? - help, Shift-Dir - straight line, f/p - scorpion
Aim: a scorpion (moderately wounded, 71% to hit)
The puff of flame hits the scorpion but does no damage.
The scorpion is moderately wounded.
* * * LOW HITPOINT WARNING * * *
You feel sick. The scorpion completely misses you.
Aiming: Throw Flame
Press: ? - help, Shift-Dir - straight line, f/p - scorpion
Aim: a scorpion (moderately wounded, 71% to hit)
The puff of flame hits the scorpion but does no damage.
The scorpion is moderately wounded.
You feel sick. The scorpion stings you.
* * * LOW HITPOINT WARNING * * *
Aiming: Throw Flame
Press: ? - help, Shift-Dir - straight line, f/p - scorpion
Aim: a scorpion (moderately wounded, 71% to hit)
The puff of flame hits the scorpion.
The scorpion is severely wounded.
* * * LOW HITPOINT WARNING * * *
You feel sick. The scorpion stings you.
You die...

## #......#.....# ......
##.. ##............# ......
#...##.......#..##.# ##.....
.............#####.###......
..........##..<.............
........###....#....#.#.....
........#........#.†........
.......<..>.....##.).###...#
...........@s..###.....##...
...........#.### #.#.#..#...
..####.....#... #.#..#.#...
. #.......(.....##(..####
#.#....###.....####..[#
#..#..... ...#. #.#..
#.......... .... #..#. ##
.....##. #. ##... ###.


You could see a scorpion.

Vanquished Creatures
  An ogre (D:4)
  A phantom (D:4)
  A hound (D:4)
  An iguana (D:4)
  A hound skeleton (D:4)
  2 gnolls
  3 adders
  A worm (D:3)
  3 dart slugs
  8 ball pythons
  7 endoplasms
  4 giant cockroaches
  6 goblins
  A hobgoblin (D:1)
  11 jackals
  7 kobolds
  2 frilled lizards (D:2)
  5 rats
65 creatures vanquished.

Notes
Turn   | Place    | Note
-------+----------+-------------------------------------------
     0 | D:1      | lunkers the Gnoll Earth Elementalist began the quest for
                  | the Orb.
     0 | D:1      | Reached XP level 1. HP: 13/13 MP: 6/6
    51 | D:1      | Reached XP level 2. HP: 20/20 MP: 3/7
   344 | D:1      | Reached XP level 3. HP: 25/25 MP: 2/9
   436 | D:1      | Reached skill level 5 in Spellcasting
   832 | D:1      | Learned a level 2 spell: Passwall
   836 | D:1      | Learned a level 3 spell: Stone Arrow
  1284 | D:2      | Reached skill level 1 in Invocations
  1342 | D:2      | Found a radiant altar of Vehumet.
  1532 | D:2      | Reached skill level 1 in Fighting
  1532 | D:2      | Reached skill level 1 in Short Blades
  1532 | D:2      | Reached skill level 1 in Long Blades
  1532 | D:2      | Reached skill level 1 in Axes
  1532 | D:2      | Reached skill level 1 in Maces & Flails
  1532 | D:2      | Reached skill level 1 in Polearms
  1532 | D:2      | Reached skill level 1 in Staves
  1532 | D:2      | Reached skill level 1 in Slings
  1532 | D:2      | Reached skill level 1 in Bows
  1532 | D:2      | Reached skill level 1 in Crossbows
  1532 | D:2      | Reached skill level 1 in Throwing
  1532 | D:2      | Reached skill level 1 in Armour
  1532 | D:2      | Reached skill level 1 in Shields
  1532 | D:2      | Reached skill level 1 in Unarmed Combat
  1532 | D:2      | Reached skill level 1 in Evocations
  1907 | D:2      | Reached XP level 4. HP: 29/32 MP: 11/11
  3059 | D:4      | Noticed an ogre
  3062 | D:4      | Killed an ogre
  3063 | D:4      | Reached skill level 1 in Conjurations
  3063 | D:4      | Reached skill level 1 in Hexes
  3063 | D:4      | Reached skill level 1 in Summonings
  3063 | D:4      | Reached skill level 1 in Necromancy
  3063 | D:4      | Reached skill level 1 in Translocations
  3063 | D:4      | Reached skill level 1 in Fire Magic
  3063 | D:4      | Reached skill level 1 in Ice Magic
  3063 | D:4      | Reached skill level 1 in Air Magic
  3063 | D:4      | Reached skill level 1 in Poison Magic
  3063 | D:4      | Reached XP level 5. HP: 37/37 MP: 5/12
  3382 | D:4      | Reached XP level 6. HP: 44/44 MP: 9/13
  3526 | D:4      | Reached skill level 5 in Dodging
  3545 | D:4      | HP: 2/44 [poisoned by a scorpion]
  3545 | D:4      | Slain by a scorpion

Illustrated notes

Levels and vault maps discovered:
D:1:      sevenhm_arrival_forest_fort_small_5, layout_basic,
          roderic_three_in_a_row
D:2:      layout_basic, basic_altar, minmay_pentomino_o2
D:3:      layout_rooms
D:4:      layout_cave_pools, lemuel_coloured_pillars_altar,
          nemelex_diamond_rough_becter, temple_green, gup_sewer_entry_spiral,
          minmay_bent

Skill      XL: |  1  2  3  4  5  6 |
---------------+-------------------+-----
Transmutations | 2 |  2.7
Spellcasting   | 5 |  5.4
Invocations    | 1 2 |  2.2
Fighting       | 1 2 |  2.0
Short Blades   | 1 2 |  2.0
Long Blades    | 1 2 |  2.0
Axes           | 1 2 |  2.0
Maces & Flails | 1 2 |  2.0
Polearms       | 1 2 |  2.0
Staves         | 1 2 |  2.0
Slings         | 1 2 |  2.0
Bows           | 1 2 |  2.0
Crossbows      | 1 2 |  2.0
Throwing       | 1 2 |  2.0
Armour         | 1 2 |  2.0
Shields        | 1 2 |  2.0
Unarmed Combat | 1 2 |  2.0
Evocations     | 1 2 |  2.0
Conjurations   | 1 |  1.6
Hexes          | 1 |  1.6
Summonings     | 1 |  1.6
Necromancy     | 1 |  1.6
Translocations | 1 |  1.6
Fire Magic     | 1 |  1.6
Ice Magic      | 1 |  1.6
Air Magic      | 1 |  1.6
Poison Magic   | 1 |  1.6
Dodging        | 5 |  5.0
Stealth        | |  4.6
Earth Magic    | |  5.7

Action                   |  1- 3 |  4- 6 || total
-------------------------+-------+-------++-------
Melee: Dagger            |    53 |    30 ||    83
       Bite              |     2 |     6 ||     8
       Unarmed           |     1 |       ||     1
       Staff             |       |    33 ||    33
       Punch             |       |     1 ||     1
 Cast: Sandblast         |    33 |     4 ||    37
       Stone Arrow       |     3 |    29 ||    32
Evoke: Wand              |       |     6 ||     6
  Use: Scroll            |       |     3 ||     3
 Stab: Sleeping          |     3 |     1 ||     4
Armor: Robe              |     2 |    10 ||    12
Dodge: Dodged            |    39 |    59 ||    98

Table legend: (Time is in decaauts)
 A = Elapsed time spent in this place.
 B = Non-inter-level travel time spent in this place.
 C = Inter-level travel time spent in this place.
 D = Time resting spent in this place.
 E = Time spent auto-exploring this place.
 F = Levels seen in this place.
 G = Mean time per level.
                   A        B        C        D        E       F      G
               +--------+--------+--------+--------+--------+-----+--------+
         Total |   3548 |   3465 |     83 |    158 |   2738 |   4 |  887.0 |
       Dungeon |   3548 |   3465 |     83 |    158 |   2738 |   4 |  887.0 |
               +--------+--------+--------+--------+--------+-----+--------+

Top non-repeatable levels by time:
     D:1: 1260 daAuts
     D:2: 1127 daAuts
     D:3: 776 daAuts
     D:4: 384 daAuts
